Map: Nightscape LE

Players

Massa

  • Race: Terran Terran
  • League: Platinum
  • Spawn Location: 1:00

qqq

  • Race: Zerg Zerg
  • Spawn Location: 1:00

SAIMANP - Winner!

  • Race: Protoss Protoss
  • Spawn Location: 7:00

IrOnChain - Winner!

  • Race: Zerg Zerg
  • League: Master
  • Spawn Location: 7:00

VOD

Have the link to the VOD?

Description

Time

  • Played on: Oct. 27, 2020, 4:26 p.m.
  • Length: 14:29
Show
View Real Time Build Order
Export as new Build Order

Massa Terran 

Build Orders:  

Get SALT Encoding   

  12  0:00  SCV  
  13  0:12  SCV  
  14  0:22  Supply Depot  
  14  0:24  SCV  
  15  0:34  Refinery  
  15  0:44  SCV  
  15  0:46  Barracks  
  16  0:56  SCV  
  17  1:08  SCV  
  18  1:20  SCV  
  19  1:32  SCV  
  20  1:45  Command Center  
  20  1:50  Orbital Command  
  20  1:54  Reaper  
  21  2:26  Marine  
  21  2:40  Barracks  
  21  2:42  Factory  
  21  2:47  Barracks Reactor  
  21  2:55  SCV  
  21  2:57  Orbital Command  
  22  3:08  SCV  
  23  3:13  Engineering Bay  
  23  3:20  SCV  
  24  3:28  Marine x2  
  24  3:30  SCV  
  24  3:32  SCV  
  28  3:36  Factory Tech Lab  
  28  3:37  Barracks Tech Lab  
  28  3:42  SCV  
  28  3:44  SCV  
  28  3:46  Refinery, Marine x2  
  28  3:48  Supply Depot  
  32  3:54  SCV  
  33  3:56  Marauder  
  33  4:02  Stimpack  
  35  4:04  Siege Tank  
  35  4:09  Marine x2  
  40  4:12  Supply Depot  
  39  4:35  Marine  
  39  4:36  Marine  
  40  4:38  Marauder  
  40  4:42  Barracks  
  40  4:47  Refinery  
  40  4:48  Refinery  
  40  4:50  Missile Turret  
  40  4:53  Marine x2, Missile Turret  
  40  4:58  Command Center  
  44  5:00  Marauder  
  44  5:11  Marine x2  
  44  5:12  Missile Turret  
  44  5:14  SCV  
  47  5:15  Missile Turret  
  47  5:16  SCV  
  47  5:20  Marine  
  49  5:26  SCV  
  50  5:29  Marine x2  
  52  5:36  Supply Depot  
  52  5:38  Marine  
  52  5:41  Combat Shield  
  53  5:48  Barracks Reactor  
  53  5:51  Marine  
  54  5:57  Marine x2  
  54  5:58  Cyclone  
  54  5:59  Armory  
  54  6:00  SCV x2  
  61  6:09  Marine  
  62  6:11  Starport  
  62  6:12  SCV  
  62  6:13  SCV  
  62  6:15  Marine  
  65  6:24  SCV, Marauder  
  65  6:25  SCV  
  69  6:26  Marine  
  70  6:33  Marine  
  70  6:34  Marine x2  
  70  6:37  SCV  
  74  6:44  Orbital Command, Marine  
  74  6:45  SCV  
  76  6:49  SCV  
  77  7:09  Missile Turret x2  
  77  7:10  Missile Turret  
  77  7:18  Concussive Shells  
  77  7:20  Starport Reactor  
  77  7:23  SCV  
  77  7:27  SCV  
  77  7:34  SCV  
  77  7:36  Marine x2  
  77  7:42  Marine  
  77  7:54  Supply Depot x2  
  77  7:56  Supply Depot  
  77  7:57  Supply Depot x2  
  77  7:59  Supply Depot  
  77  8:16  SCV x3, Marauder, Marine x4, Viking, Medivac  
  77  8:17  Thor  
  96  8:20  Supply Depot  
  96  8:21  Supply Depot  
  96  8:28  SCV x3, Terran Vehicle Weapons Level 1  
  96  8:33  Terran Infantry Armor Level 1, Marine x4  
  103  8:37  Marine  
  103  8:40  SCV x3, Armory  
  107  8:46  Engineering Bay, Medivac  
  109  8:51  Marine  
  109  8:52  SCV x3  
  113  9:04  SCV x3  
  92  9:35  Thor  
  91  9:49  Factory  
  91  9:50  Marauder, Marine x4, Factory  
  97  9:54  Terran Vehicle And Ship Armor Level 1  
  97  9:57  Refinery  
  97  9:58  Refinery  
  97  10:01  Command Center  
  97  10:04  Command Center  
  97  10:08  Marine x4  
  97  10:11  Marauder  
  97  10:13  Barracks  
  103  10:15  Barracks  
  103  10:16  Medivac, Viking  
  107  10:29  Thor  
  107  10:34  Factory Tech Lab x2  
  113  10:46  Medivac, Viking  
  117  10:53  Thor  
  123  11:00  SCV x3  
  126  11:12  SCV x3  
  126  11:15  Viking  
  126  11:16  Viking  
  133  11:24  SCV x2  
  135  11:38  Orbital Command x2  
  127  11:43  Barracks Reactor x2  
  126  11:52  Orbital Command  
  123  12:11  Missile Turret  
  123  12:12  Missile Turret x3  
  123  12:13  Thor, Missile Turret  
  123  12:14  Thor x2  
  132  12:38  Missile Turret  
  132  12:40  SCV, Missile Turret x2  
  132  12:41  SCV x3, Missile Turret  
  136  12:53  SCV x2  
  136  12:56  Thor x3  
  156  13:06  Missile Turret  
  156  13:08  Missile Turret  
  156  13:22  Supply Depot  
  156  13:23  Supply Depot  
  156  13:25  Missile Turret  
  156  13:26  Supply Depot  
  156  13:27  Supply Depot  
  156  13:43  Marine x4, Viking x2  
  156  13:44  Marine x2, Thor  
  156  13:46  Missile Turret  
  156  13:47  Marine  
  173  13:48  Supply Depot  
Show
View Real Time Build Order
Export as new Build Order

qqq Zerg 

Build Orders: Hatch First 

Get SALT Encoding   

  12  0:01  Drone  
  13  0:10  Drone  
  14  0:37  Hatchery  
  13  0:45  Drone  
  14  0:56  Spawning Pool  
  13  1:13  Overlord  
  13  1:14  Drone  
  13  1:16  Extractor  
  13  1:17  Drone  
  14  1:36  Drone  
  14  1:37  Drone  
  16  1:49  Extractor  
  16  1:51  Drone  
  16  1:52  Queen  
  18  1:55  Drone  
  18  1:58  Zergling x2  
  20  2:03  Zergling x2  
  21  2:11  Zergling x2  
  21  2:15  Drone  
  23  2:21  Zergling x2  
  24  2:24  Metabolic Boost  
  24  2:29  Zergling x2  
  25  2:41  Drone  
  25  2:42  Zergling x2, Baneling Nest  
  25  2:44  Drone  
  27  2:52  Zergling x2  
  27  2:56  Overlord  
  28  3:01  Overlord  
  28  3:14  Queen  
  28  3:17  Overlord  
  30  3:25  Zergling x4  
  32  3:27  Drone  
  32  3:31  Drone  
  32  3:33  Baneling  
  34  3:34  Baneling  
  34  3:36  Baneling  
  34  3:38  Zergling x2  
  35  3:56  Baneling  
  35  3:57  Baneling  
  35  3:58  Drone x3  
  34  4:13  Queen  
  34  4:14  Drone  
  36  4:24  Drone  
  36  4:25  Drone x3  
  36  4:26  Zergling x4  
  36  4:29  Drone x2  
  44  4:44  Spore Crawler  
  43  4:45  Spore Crawler  
  43  4:46  Drone  
  43  4:53  Drone  
  43  4:54  Drone x2  
  37  5:18  Drone x2  
  38  5:30  Drone  
  39  5:37  Lair  
  39  5:38  Drone x4  
  39  5:39  Hatchery  
  39  5:41  Extractor  
  41  5:45  Hatchery, Baneling x4  
  40  6:12  Roach Warren  
  40  6:16  Drone x6  
  45  6:19  Queen  
  45  6:22  Extractor  
  46  6:26  Zergling x8  
  46  6:27  Zergling x2  
  51  6:35  Overlord x4  
  50  6:50  Zergling x2  
  51  6:58  Roach x2  
  51  6:59  Roach x4  
  63  7:08  Extractor  
  62  7:16  Drone x2  
  62  7:17  Drone x2  
  62  7:20  Roach  
  62  7:21  Hatchery  
  62  7:22  Ravager  
  68  7:23  Ravager x2  
  68  7:24  Ravager  
  68  7:25  Ravager  
  68  7:26  Ravager  
  68  7:29  Hatchery  
  72  7:38  Queen  
  72  7:44  Hydralisk Den  
  73  7:46  Evolution Chamber  
  73  7:50  Evolution Chamber  
  71  7:51  Roach  
  71  7:52  Roach  
  71  7:54  Drone  
  71  7:56  Drone  
  71  7:57  Drone  
  78  7:59  Spine Crawler  
  78  8:00  Baneling x2  
  78  8:01  Baneling  
  78  8:04  Roach  
  79  8:05  Drone  
  79  8:07  Drone  
  79  8:11  Overlord  
  81  8:15  Zerg Missile Weapons Level 1  
  81  8:19  Overlord  
  81  8:28  Lurker Den  
  81  8:32  Drone  
  81  8:34  Drone  
  81  8:35  Drone x2  
  84  8:45  Drone x3  
  84  8:46  Drone x3  
  90  8:51  Hydralisk x3  
  90  8:53  Zergling x2  
  97  8:56  Roach  
  97  8:58  Drone  
  97  8:59  Drone  
  87  9:29  Hydralisk, Roach  
  87  9:30  Hydralisk x5, Roach  
  101  9:31  Drone  
  101  9:34  Overlord  
  101  9:35  Overlord x3  
  102  9:47  Overlord x4  
  102  9:50  Zerg Ground Armor Level 1  
  102  9:54  Muscular Augments  
  102  9:58  Drone  
  102  9:59  Drone x3  
  106  10:01  Drone  
  106  10:05  Spore Crawler  
  106  10:08  Spine Crawler  
  106  10:09  Zerg Melee Weapons Level 1  
  105  10:14  Queen  
  105  10:17  Hydralisk  
  105  10:18  Roach  
  105  10:20  Roach  
  113  10:22  Ravager  
  113  10:24  Lurker  
  113  10:27  Drone  
  113  10:28  Drone x5  
  121  10:30  Drone  
  121  10:31  Drone  
  121  10:33  Baneling x2  
  121  10:34  Zergling x4  
  125  10:36  Zergling x4  
  125  10:37  Zergling x2  
  125  10:39  Zergling x2  
  125  10:40  Zergling x2  
  125  10:42  Drone x2  
  132  10:43  Drone  
  133  10:50  Queen  
  133  10:54  Hydralisk, Infestation Pit  
  133  10:56  Drone x4  
  140  11:01  Baneling x2  
  140  11:02  Baneling x7  
  140  11:03  Baneling  
  140  11:05  Grooved Spines, Roach x3  
  146  11:32  Hydralisk x4  
  146  11:33  Hydralisk x2  
  146  11:34  Drone x3  
  146  11:35  Drone x5  
  146  11:37  Spore Crawler x2  
  163  11:40  Spore Crawler  
  163  11:42  Spore Crawler  
  163  11:43  Spore Crawler  
  163  11:45  Spore Crawler  
  158  11:58  Hydralisk x4  
  158  12:01  Overlord x7  
  117  12:41  Hydralisk x3  
  117  12:42  Roach x2  
  117  12:43  Roach  
  123  12:50  Extractor  
  122  12:53  Extractor  
  115  12:58  Hydralisk x2  
  115  13:00  Drone x3  
  122  13:08  Hatchery  
  121  13:14  Hatchery  
  121  13:18  Hatchery  
  119  13:24  Hatchery  
  119  13:26  Hatchery  
  117  13:27  Zergling x12  
  117  13:30  Drone x2  
  116  14:03  Baneling x4  
  116  14:04  Baneling x4  
  116  14:05  Hydralisk  
  116  14:13  Lurker  
  116  14:14  Lurker  
Show
View Real Time Build Order
Export as new Build Order

SAIMANP Protoss - Winner!

Build Orders: Oracle Opening, Carriers 

Get SALT Encoding   

  12  0:00  Probe  
  13  0:12  Probe  
  14  0:25  Probe  
  14  0:27  Pylon  
  15  0:35  Assimilator  
  15  0:45  Probe (Chrono Boost)  
  15  0:49  Gateway  
  16  0:58  Probe (Chrono Boost)  
  16  1:02  Assimilator  
  17  1:05  Probe (Chrono Boost)  
  18  1:12  Probe  
  18  1:16  Pylon  
  19  1:24  Probe (Chrono Boost)  
  20  1:36  Probe (Chrono Boost)  
  21  1:41  Cybernetics Core  
  21  1:43  Probe (Chrono Boost)  
  22  1:50  Probe  
  22  1:53  Pylon  
  23  2:06  Pylon  
  23  2:22  Nexus  
  23  2:32  Zealot  
  25  2:40  Probe  
  26  2:52  Gateway  
  26  3:05  Stalker (Chrono Boost)  
  28  3:10  Stargate  
  28  3:32  Stalker (Chrono Boost)  
  30  3:35  Pylon  
  30  3:36  Probe  
  30  3:38  Probe  
  32  3:45  Stalker  
  34  3:48  Probe  
  34  3:50  Probe  
  34  3:52  Oracle (Chrono Boost)  
  39  4:00  Probe  
  39  4:02  Probe  
  41  4:13  Probe  
  42  4:17  Stalker  
  42  4:18  Stalker  
  42  4:21  Phoenix (Chrono Boost)  
  48  4:40  Probe x2, Void Ray  
  50  4:47  Stalker  
  50  4:52  Probe x2  
  58  5:02  Stalker  
  58  5:04  Probe x2  
  62  5:24  Pylon  
  62  5:26  Pylon  
  62  5:28  Pylon  
  62  5:30  Pylon  
  62  5:32  Pylon  
  62  5:42  Probe x2, Stalker x2  
  68  6:03  Fleet Beacon  
  68  6:05  Stargate  
  68  6:08  Pylon  
  68  6:09  Pylon  
  68  6:10  Probe x2, Assimilator  
  70  6:22  Probe  
  70  6:23  Probe  
  72  6:35  Probe x2  
  74  6:43  Assimilator  
  74  6:47  Probe x2  
  76  6:59  Probe  
  78  7:15  Probe x2  
  78  7:17  Nexus  
  78  7:20  Assimilator  
  79  7:25  Assimilator  
  79  7:27  Probe  
  79  7:28  Probe  
  81  7:39  Probe  
  81  7:40  Probe  
  80  7:47  Carrier x2 (Chrono Boost)  
  92  7:52  Probe x2  
  94  8:04  Probe  
  94  8:05  Probe  
  96  8:07  Pylon, Protoss Air Weapons Level 1  
  96  8:09  Pylon  
  96  8:11  Pylon  
  96  8:12  Pylon  
  96  8:16  Probe  
  96  8:17  Probe  
  98  8:28  Probe  
  98  8:29  Probe  
  100  8:44  Carrier x2 (Chrono Boost)  
  112  8:54  Stargate  
  112  8:55  Stargate  
  90  9:46  Carrier (Chrono Boost)  
  90  9:47  Carrier (Chrono Boost)  
  90  9:49  Carrier x2 (Chrono Boost)  
  114  10:02  Pylon  
  114  10:04  Pylon  
  114  10:06  Pylon, Protoss Air Armor Level 1  
  114  10:08  Pylon  
  114  10:12  Probe x2  
  116  10:16  Probe  
  117  10:24  Probe x2  
  119  10:28  Probe  
  119  10:34  Nexus  
  132  10:36  Probe  
  132  10:37  Probe, Carrier x2 (Chrono Boost)  
  132  10:39  Assimilator  
  132  10:40  Probe  
  132  10:41  Carrier (Chrono Boost)  
  135  10:44  Assimilator  
  135  10:45  Carrier (Chrono Boost)  
  135  10:48  Probe  
  135  10:49  Probe  
  149  10:53  Probe  
  150  11:01  Probe x2  
  152  11:05  Probe  
  152  11:11  Stalker x2  
  157  11:13  Probe x2  
  157  11:17  Probe  
  150  11:25  Probe x2  
  151  11:29  Probe  
  147  11:34  Carrier  
  150  11:46  Robotics Facility  
  141  12:04  Carrier x2  
  146  13:00  Observer (Chrono Boost)  
  146  13:03  Carrier x2  
  159  13:06  Probe  
  160  13:28  Probe  
  160  13:29  Probe x3  
  164  13:40  Probe  
  164  13:41  Probe x3  
  180  13:52  Probe  
  180  13:53  Probe x3  
  180  14:04  Probe  
  180  14:05  Probe x3  
  178  14:17  Probe  
Show
View Real Time Build Order
Export as new Build Order

IrOnChain Zerg - Winner!

Build Orders: Pool First, Muta Ling Bane 

Get SALT Encoding   

  12  0:01  Drone  
  13  0:08  Drone  
  14  0:25  Overlord  
  14  0:35  Spawning Pool  
  13  0:40  Drone  
  14  0:47  Drone x2  
  16  0:56  Drone  
  17  1:05  Drone  
  18  1:11  Extractor  
  17  1:27  Zergling x4  
  17  1:29  Hatchery  
  18  1:35  Drone  
  19  1:52  Queen  
  19  1:53  Overlord  
  21  2:05  Drone  
  22  2:12  Overlord  
  22  2:13  Metabolic Boost  
  22  2:18  Drone  
  23  2:35  Evolution Chamber  
  23  2:37  Drone  
  23  2:41  Queen  
  25  2:44  Drone x2  
  27  3:02  Zerg Melee Weapons Level 1  
  27  3:06  Zergling x2  
  27  3:07  Zergling x2  
  29  3:15  Hatchery  
  28  3:20  Drone  
  29  3:27  Drone x5  
  34  3:36  Overlord  
  34  3:38  Drone  
  35  3:43  Zergling x4  
  35  3:46  Overlord  
  37  3:50  Drone  
  37  3:52  Drone  
  37  3:54  Drone  
  39  4:10  Drone x2  
  38  4:26  Zergling x2  
  38  4:28  Drone x2  
  38  4:29  Zergling x2  
  38  4:30  Queen, Baneling Nest  
  43  4:35  Zergling x6  
  46  4:43  Drone  
  47  4:45  Zergling x4  
  47  4:46  Zergling x2  
  47  4:50  Queen  
  48  5:13  Zergling x12  
  49  5:21  Baneling  
  49  5:22  Baneling  
  49  5:23  Zergling x14  
  49  5:24  Drone x2  
  49  5:28  Lair  
  58  5:36  Drone x3  
  61  5:48  Drone  
  61  5:49  Drone x3, Overlord x2  
  65  6:04  Overlord x2  
  65  6:10  Extractor, Drone  
  65  6:11  Drone x3  
  67  6:12  Drone x4  
  67  6:13  Hatchery  
  71  6:24  Drone x2  
  73  6:28  Spire  
  72  6:33  Drone x2  
  72  6:34  Drone x4  
  78  6:42  Drone  
  78  6:43  Drone x2  
  80  6:49  Centrifical Hooks  
  80  6:50  Extractor  
  80  6:51  Extractor  
  80  6:53  Extractor, Drone x2  
  80  6:54  Drone x3  
  82  6:55  Extractor, Spine Crawler x2  
  82  6:56  Spine Crawler  
  78  7:02  Drone  
  78  7:04  Overlord x2  
  79  7:11  Zerg Melee Weapons Level 2  
  79  7:23  Overseer  
  79  7:25  Drone x2  
  79  7:26  Drone x6  
  79  7:27  Zergling x10  
  79  7:28  Zergling x4  
  94  7:31  Queen  
  94  7:33  Extractor  
  95  7:37  Extractor  
  95  7:40  Drone  
  95  7:41  Zerg Flyer Weapons Level 1  
  95  7:42  Drone x3  
  95  7:43  Drone, Overlord x2  
  99  7:45  Pneumatized Carapace  
  99  7:47  Drone x2  
  101  8:11  Drone x5  
  101  8:12  Drone x5, Overlord  
  111  8:13  Overlord  
  111  8:28  Hatchery, Zergling x2  
  111  8:29  Zergling x18, Infestation Pit  
  111  8:31  Baneling x2  
  111  8:32  Baneling x7  
  111  8:33  Mutalisk  
  121  8:37  Mutalisk x3  
  121  8:38  Mutalisk  
  129  8:51  Hatchery  
  129  8:55  Mutalisk x7  
  121  9:13  Zergling x2  
  121  9:14  Zergling x24  
  123  9:18  Overseer  
  123  9:19  Zergling x4  
  123  9:20  Zergling x6  
  128  9:26  Zergling x4  
  130  9:35  Hive  
  130  9:36  Baneling x2  
  130  9:37  Baneling x12  
  130  9:38  Zerg Flyer Weapons Level 2  
  130  9:40  Zerg Ground Armor Level 1  
  130  9:52  Mutalisk x3  
  132  9:55  Zergling x12  
  132  9:57  Overlord x3  
  132  9:58  Overlord  
  142  10:09  Extractor  
  141  10:15  Queen  
  141  10:17  Extractor  
  141  10:20  Extractor  
  141  10:21  Evolution Chamber  
  140  10:28  Mutalisk x2  
  140  10:29  Mutalisk x6  
  140  10:30  Overlord x2  
  140  10:32  Drone x3  
  140  10:34  Drone x2  
  140  10:35  Hatchery  
  160  10:36  Drone  
  160  10:37  Drone x6  
  160  10:38  Overlord x3  
  167  10:48  Adrenal Glands  
  167  10:50  Zerg Melee Weapons Level 3  
  167  11:07  Baneling  
  167  11:08  Baneling x11  
  167  11:12  Drone x3  
  170  11:22  Ultralisk Cavern  
  169  11:26  Spire  
  166  11:41  Mutalisk x2  
  166  11:42  Swarm Host  
  166  11:43  Zergling x20  
  166  11:44  Zergling x24  
  195  11:49  Zerg Ground Armor Level 2  
  141  12:40  Chitinous Plating  
  141  12:42  Ultralisk x5  
  141  12:43  Ultralisk x2, Swarm Host  
  181  12:44  Zergling x6  
  181  12:45  Zergling x26  
  200  13:03  Extractor  
  199  13:14  Hatchery  
  198  13:39  Spine Crawler  
  191  14:07  Zergling x2  
  191  14:08  Zergling x16  
  200  14:28  Hydralisk Den  
Tags
 
Add a new tag
Caveats
  • Supply blocks, unpowered buildings, or Contaminate may cause inaccurate times.
  • Supply counts are checked every 10 seconds.